Workbook

Sheet Title Page
C3: VA-170822-SAIC Exhibit 4.1 Pricing and Volumes Matrix Modification 28 Pricing and Volumes Matrix
C14: Exhibit 4.1 - Modification No. 28 Pricing and Volumes Matrix VA-170822-SAIC
C26: COMMONWEALTH OF VIRGINIA VIRGINIA INFORMATION TECHNOLOGIES AGENCY (VITA) SUPPLY CHAIN MANAGEMENT DIVISION 7325 Beaufont Springs Dr. Richmond, Virginia 23225

Sheet 1- Base Charges
A1: ='Title Page'!C3 -> VA-170822-SAIC Exhibit 4.1 Pricing and Volumes Matrix Modification 28 Pricing and Volumes Matrix
B2: Detailed Base Charges (Annual Amounts in $)
L4: Renewal Option 1 | P4: Renewal Option 2
B5: Resource Description | E5: Contract Year 1 | F5: Contract Year 2 | G5: Contract Year 3 | H5: Contract Year 4 | I5: Contract Year 5 | J5: 5 Year Total | L5: Contract Year 6 | M5: Contract Year 7 | N5: Option 1 Total | P5: Contract Year 8 | Q5: Contract Year 9 | R5: Option 2 Total | T5: 9 Year Total
B6: MSI Services
D7: Service Desk User | E7: 341199.13 | F7: 346218 | G7: 330532 | H7: 329653 | I7: 329075.4 | J7: =SUM(E7:I7) -> 1676677.5 | L7: 329024.21 | M7: 267996 | N7: =SUM(L7:M7) -> 597020.21 | P7: 266656 | Q7: 265323 | R7: =SUM(P7:Q7) -> 531979 | T7: =R7+N7+J7 -> 2805676.7
D8: Full Service Authorized Users | E8: 25908045 | F8: 25734554 | G8: 24341452 | H8: 24276826 | I8: 24247015 | J8: =SUM(E8:I8) -> 1.2450789e+08 | L8: 24759035 | M8: 20166721 | N8: =SUM(L8:M8) -> 44925756 | P8: 20065888 | Q8: 19965558 | R8: =SUM(P8:Q8) -> 40031446 | T8: =R8+N8+J8 -> 2.0946509e+08
D9: Chargeback Invoices | E9: 1488696.6 | F9: 1442576 | G9: 1377214 | H9: 1373558 | I9: 1526255.7 | J9: =SUM(E9:I9) -> 7208300.3 | L9: 1370931.6 | M9: 1116651 | N9: =SUM(L9:M9) -> 2487582.6 | P9: 1111068 | Q9: 1105513 | R9: =SUM(P9:Q9) -> 2216581 | T9: =R9+N9+J9 -> 11912464
D10: Suppliers Managed - Tier 1 | E10: 682398.26 | F10: 1009803 | G10: 964050 | H10: 961491 | I10: 873419.7 | J10: =SUM(E10:I10) -> 4491162 | L10: 959652.24 | M10: 781656 | N10: =SUM(L10:M10) -> 1741308.2 | P10: 777748 | Q10: 773859 | R10: =SUM(P10:Q10) -> 1551607 | T10: =R10+N10+J10 -> 7784077.2
D11: Suppliers Managed - Tier 2 | E11: 0 | F11: 0 | G11: 0 | H11: 0 | I11: 61187.76 | J11: =SUM(E11:I11) -> 61187.76 | L11: 0 | M11: 0 | N11: =SUM(L11:M11) -> 0 | P11: 0 | Q11: 0 | R11: =SUM(P11:Q11) -> 0 | T11: =R11+N11+J11 -> 61187.76
D12: Suppliers Managed - Tier 3 | E12: 0 | F12: 0 | G12: 0 | H12: 0 | I12: 21595.68 | J12: =SUM(E12:I12) -> 21595.68 | L12: 0 | M12: 0 | N12: =SUM(L12:M12) -> 0 | P12: 0 | Q12: 0 | R12: =SUM(P12:Q12) -> 0 | T12: =R12+N12+J12 -> 21595.68
D13: Program Management FTPs | E13: 2627736.5 | F13: 2673640 | G13: 2703832 | H13: 2856528 | I13: 3500672.8 | J13: =SUM(E13:I13) -> 14362409 | L13: 3095946 | M13: 2585000 | N13: =SUM(L13:M13) -> 5680946 | P13: 2585000 | Q13: 2585000 | R13: =SUM(P13:Q13) -> 5170000 | T13: =R13+N13+J13 -> 25213355
D14: Business Relationship Management FTPs | E14: 1992403.7 | F14: 1810007.5 | G14: 1830448 | H14: 1933820 | I14: 2629049.6 | J14: =SUM(E14:I14) -> 10195729 | L14: 2095901.6 | M14: 1750000 | N14: =SUM(L14:M14) -> 3845901.5 | P14: 1750000 | Q14: 1750000 | R14: =SUM(P14:Q14) -> 3500000 | T14: =R14+N14+J14 -> 17541630
D15: eSignature Stand Up | F15: 149000 | J15: =SUM(E15:I15) -> 149000 | T15: =R15+N15+J15 -> 149000
D16: Sales Force DSS Solution | F16: ='2 - ARC RRC Rates'!G17 -> 1440794.1 | G16: 1861238.2 | J16: =SUM(E16:I16) -> 3302032.2 | T16: =R16+N16+J16 -> 3302032.2
D17: ServiceNow Integration Setup | H17: 400092.39 | I17: 0 | J17: =SUM(E17:I17) -> 400092.39 | T17: =R17+N17+J17 -> 400092.39
D18: eVA KSE Ongoing Maintenance | H18: 200002.8 | I18: 211598 | J18: =SUM(E18:I18) -> 411600.8 | L18: 216766 | M18: 200003.2 | N18: =SUM(L18:M18) -> 416769.2 | P18: 200003.2 | Q18: 200003.2 | R18: =SUM(P18:Q18) -> 400006.4 | T18: =R18+N18+J18 -> 1228376.4
D19: Annual fee for ServiceNow Integration Hub | H19: 76546.08 | I19: 0 | J19: =SUM(E19:I19) -> 76546.08 | M19: TBD | N19: TBD | P19: TBD | Q19: TBD | R19: TBD | T19: TBD
D20: CyberArk Setup Costs | E20: 0 | F20: 0 | G20: 0 | H20: 308610 | I20: 0 | J20: =SUM(E20:I20) -> 308610 | M20: 0 | N20: 0 | O20: 0 | P20: 0 | Q20: 0 | R20: 0 | T20: =R20+N20+J20 -> 308610
D21: PRIV-STANDARD-USER-SAAS | E21: 0 | F21: 0 | G21: 0 | H21: 1036530 | I21: 3655473 | J21: =SUM(E21:I21) -> 4692003 | L21: 1123406.1 | M21: 1036530 | N21: =SUM(L21:M21) -> 2159936.1 | P21: 1036530 | Q21: 1036530 | R21: =SUM(P21:Q21) -> 2073060 | T21: =SUM(R21,N21,J21) -> 8924999.1
B23: TOTAL MSI SERVICES | E23: =SUM(E7:E22) -> 33040480 | F23: =SUM(F7:F22) -> 34606593 | G23: =SUM(G7:G22) -> 33408766 | H23: =SUM(H7:H22) -> 33753657 | I23: =SUM(I7:I22) -> 37055342 | J23: =SUM(J7:J22) -> 1.7186484e+08 | L23: =SUM(L7:L22) -> 33950662 | M23: =SUM(M7:M22) -> 27904557 | N23: =SUM(N7:N22) -> 61855220 | P23: =SUM(P7:P22) -> 27792893 | Q23: =SUM(Q7:Q22) -> 27681786 | R23: =SUM(R7:R22) -> 55474679 | T23: =SUM(T7:T21) -> 2.8911819e+08
D26: NOTE: CY4 pricing for PRIV-STANDARD-USER-SAAS is reflective of a full contract year; estimated actual cost to be $518,265
D27: NOTE: CyberArk PRIV-STANDARD-USER-SAAS pricing for Renewal Option 1 and Renewal Option 2 will be visited at time of renewal.
D28: NOTE: Estimated FTP's for CY6 is 13 each for Program Management and Business RelationshipManagement.

Sheet 2 - ARC RRC Rates
A1: ='Title Page'!C3 -> VA-170822-SAIC Exhibit 4.1 Pricing and Volumes Matrix Modification 28 Pricing and Volumes Matrix
B2: Monthly Unit Rates (ARCs/RRCs) ($)
L4: Renewal Option 1 | O4: Renewal Option 2
B5: Resource Description | D5: Metric | E5: Banding Range | F5: Contract Year 1 | G5: Contract Year 2 | H5: Contract Year 3 | I5: Contract Year 4 | J5: Contract Year 5 | L5: Contract Year 6 | M5: Contract Year 7 | O5: Contract Year 8 | P5: Contract Year 9
B6: MSI Services
C7: Service Desk User | D7: Users | E7: 0.25 | F7: 0.2135 | G7: 0.22 | H7: 0.21 | I7: 0.21 | J7: 0.21 | L7: 0.2 | M7: 0.17 | O7: 0.17 | P7: 0.17
C8: Full Service Authorized Users | D8: Users | E8: 0.25 | F8: 26.7958 | G8: 27.14 | H8: 25.91 | I8: 25.84 | J8: 25.79 | L8: 25.79 | M8: 21.01 | O8: 20.9 | P8: 20.8
C9: Chargeback Invoices | D9: Invoices | E9: 0.25 | F9: 930.4424 | G9: 901.61 | H9: 860.76 | I9: 858.47 | J9: 856.96 | L9: 856.83 | M9: 697.91 | O9: 694.42 | P9: 690.95
C10: Suppliers Managed - Tier 1 | D10: Suppliers | E10: 0.25 | F10: 8336.7151 | G10: 8078.43 | H10: 6025.31 | I10: 6009.32 | J10: 5998.79 | L10: 5997.83 | M10: 4885.35 | O10: 4860.93 | P10: 4836.62
C11: Suppliers Managed - Tier 2 | D11: Suppliers | E11: 1 | F11: 7086.2074 | G11: $6,866,66 | H11: 5121.51 | I11: 5107.92 | J11: 5098.98 | L11: 5098.16 | M11: 4152.5475 | O11: 4131.7905 | P11: 4111.127
C12: Suppliers Managed - Tier 3 | D12: Suppliers | E12: 1 | F12: 2501.0156 | G12: 2423.53 | H12: 1807.59 | I12: 1802.8 | J12: 1799.64 | L12: 1799.35 | M12: 1465.605 | O12: 1440.125 | P12: 1440.125
C13: Program Management FTPs | D13: FTPs | E13: 3 FTP | F13: 18911.743 | G13: 19242.11 | H13: 19459.4 | I13: 20558.35 | J13: 21750.51 | L13: 22281.47 | M13: 18604.17 | O13: 18604.17 | P13: 18604.17
C14: Business Relationship Management FTPs | D14: FTPs | E14: 3 FTP | F14: 14083.214 | G14: 14329.23 | H14: 14491.05 | I14: 15309.41 | J14: 16197.19 | L14: 16592.59 | M14: 13854.17 | O14: 13854.17 | P14: 13854.17
C15: eSignature Monthly (per user per month) | D15: Users | E15: 0 | G15: 12.21 | H15: 12.12 | I15: 12.12 | J15: 12.12 | L15: 12.12 | M15: 12.12 | O15: 12.12 | P15: 12.12
C16: eSignature Stand Up | D16: 1 Time | E16: 0 | G16: 149000 | H16: 0 | I16: 0 | J16: 0 | K16: 0 | L16: 0 | M16: 0 | O16: 0 | P16: 0
C17: ='1- Base Charges'!D16 -> Sales Force DSS Solution | D17: 1 Time | E17: 0 | G17: 1440794.1 | H17: 0 | I17: 0 | J17: 0 | K17: 0 | L17: 0 | M17: 0 | O17: 0 | P17: 0
C18: ServiceNow Integration Setup | D18: 1 Time | I18: 400092.39
C19: eVA KSE Ongoing Maintenance | D19: Monthly | I19: 16666.9 | J19: 17633.25 | L19: 18063.83 | M19: 16666.9 | O19: 16666.9 | P19: 16666.9
C20: Annual fee for ServiceNow Integration Hub | D20: Annual | I20: 76546.08 | L20: 0 | M20: 0 | O20: 0 | P20: 0
C21: CyberArk Setup Costs | D21: 1 Time | E21: 0 | F21: 0 | G21: 0 | H21: 0 | I21: 0 | J21: 0 | L21: 0 | M21: 0 | N21: 0 | O21: 0 | P21: 0
C22: PRIV-STANDARD-USER-SAAS | D22: Users | F22: 0 | G22: 0 | H22: 0 | I22: 115.17 | J22: 121.85 | L22: 124.82 | M22: 115.17 | N22: 115.17 | O22: 115.17 | P22: 115.17
C24: NOTE: Annual fee for ServiceNow Integration Hub covers CY 04 and CY 05.
C25: NOTE: Banding Range of PRIV-STANDARD-USER-SAAS is in increments of 50 users.

Sheet 3 -Resource Baselines
A1: ='Title Page'!C3 -> VA-170822-SAIC Exhibit 4.1 Pricing and Volumes Matrix Modification 28 Pricing and Volumes Matrix
B2: Resource Baseline Units
J4: Renewal Option 1 | M4: Renewal Option 2
B5: Resource Description | D5: Contract Year 1 | E5: Contract Year 2 | F5: Contract Year 3 | G5: Contract Year 4 | H5: Contract Year 5 | J5: Contract Year 6 | K5: Contract Year 7 | M5: Contract Year 8 | N5: Contract Year 9
B6: MSI Services
C7: Service Desk User | D7: 100000 | E7: 100000 | F7: 100000 | G7: 100000 | H7: 100000 | J7: 100000 | K7: 100000 | M7: 100000 | N7: 100000
C8: Full Service Authorized Users | D8: 60000 | E8: 60000 | F8: 60000 | G8: 60000 | H8: 60000 | J8: 60000 | K8: 60000 | M8: 60000 | N8: 60000
C9: Service Levels Managed | D9: 257 | E9: 257 | F9: 257 | G9: 257 | H9: 257 | J9: 257 | K9: 257 | M9: 257 | N9: 257
C10: Chargeback Invoices | D10: 100 | E10: 100 | F10: 100 | G10: 100 | H10: 100 | J10: 100 | K10: 100 | M10: 100 | N10: 100
C11: Suppliers Managed - Tier 1 | D11: 4.6666667 | E11: 6.25 | F11: 8 | G11: 8 | H11: 8 | J11: 8 | K11: 8 | M11: 8 | N11: 8
C12: Suppliers Managed - Tier 2 | D12: 1e-05 | E12: 1e-05 | F12: 1e-05 | G12: 1e-05 | H12: 1e-05 | J12: 1e-05 | K12: 1e-05 | M12: 1e-05 | N12: 1e-05
C13: Suppliers Managed - Tier 3 | D13: 1e-05 | E13: 1e-05 | F13: 1e-05 | G13: 1e-05 | H13: 1e-05 | J13: 1e-05 | K13: 1e-05 | M13: 1e-05 | N13: 1e-05
C14: Program Management FTPs | D14: 11 | E14: 11 | F14: 11 | G14: 11 | H14: 11 | J14: 11 | K14: 11 | M14: 11 | N14: 11
C15: Business Relationship Management FTPs | D15: 12 | E15: 10 | F15: 10 | G15: 10 | H15: 10 | J15: 10 | K15: 10 | M15: 10 | N15: 10
C16: eVA KSE Ongoing Maintenance | G16: 12 | H16: 12 | J16: 12 | K16: 12 | M16: 12 | N16: 12
C17: Annual fee for ServiceNow Integration Hub | G17: 1 | J17: 1 | K17: 1 | M17: 1 | N17: 1
C18: CyberArk Setup Costs | D18: 0 | E18: 0 | F18: 0 | G18: 1 | H18: 0 | J18: 0 | K18: 0 | M18: 0 | N18: 0
C19: PRIV-STANDARD-USER-SAAS | D19: 0 | E19: 0 | F19: 0 | G19: 750 | H19: 750 | J19: 750 | K19: 750 | M19: 750 | N19: 750
C22: NOTE: Annual fee for ServiceNow Integration Hub covers CY 04 and CY 05.
C23: NOTE: CY4 baseline units for PRIV-STANDARD-User-SAAS is reflective of a full contract year; estimated actual units to be 375
C24: NOTE: Mod 19 authorizes 1 additional PM FTP - from 11 to 12

Sheet 4 - Pass-Through
A1: ='Title Page'!C3 -> VA-170822-SAIC Exhibit 4.1 Pricing and Volumes Matrix Modification 28 Pricing and Volumes Matrix
B2: Pass-Through Expenses ($)
L4: Renewal Option 1 | P4: Renewal Option 2
E5: Year 1 | F5: Year 2 | G5: Year 3 | H5: Year 4 | I5: Year 5 | J5: 5 Year Total | L5: Year 6 | M5: Year 7 | N5: Option 1 Total | P5: Year 8 | Q5: Year 9 | R5: Option 2 Total | T5: 9 Year Total
B6: MSI Services
D7: Other (insert description) | E7: 0 | F7: 0 | G7: 0 | H7: 0 | I7: 0 | J7: =SUM(E7:I7) -> 0 | L7: 0 | M7: 0 | N7: =SUM(L7:M7) -> 0 | P7: 0 | Q7: 0 | R7: =SUM(P7:Q7) -> 0 | T7: =R7+N7+J7 -> 0
D8: Other (insert description) | E8: 0 | F8: 0 | G8: 0 | H8: 0 | I8: 0 | J8: =SUM(E8:I8) -> 0 | L8: 0 | M8: 0 | N8: =SUM(L8:M8) -> 0 | P8: 0 | Q8: 0 | R8: =SUM(P8:Q8) -> 0 | T8: =R8+N8+J8 -> 0
D9: Other (insert description) | E9: 0 | F9: 0 | G9: 0 | H9: 0 | I9: 0 | J9: =SUM(E9:I9) -> 0 | L9: 0 | M9: 0 | N9: =SUM(L9:M9) -> 0 | P9: 0 | Q9: 0 | R9: =SUM(P9:Q9) -> 0 | T9: =R9+N9+J9 -> 0
D10: Other (insert description) | E10: 0 | F10: 0 | G10: 0 | H10: 0 | I10: 0 | J10: =SUM(E10:I10) -> 0 | L10: 0 | M10: 0 | N10: =SUM(L10:M10) -> 0 | P10: 0 | Q10: 0 | R10: =SUM(P10:Q10) -> 0 | T10: =R10+N10+J10 -> 0
D11: Other (insert description) | E11: 0 | F11: 0 | G11: 0 | H11: 0 | I11: 0 | J11: =SUM(E11:I11) -> 0 | L11: 0 | M11: 0 | N11: =SUM(L11:M11) -> 0 | P11: 0 | Q11: 0 | R11: =SUM(P11:Q11) -> 0 | T11: =R11+N11+J11 -> 0
D12: Other (insert description) | E12: 0 | F12: 0 | G12: 0 | H12: 0 | I12: 0 | J12: =SUM(E12:I12) -> 0 | L12: 0 | M12: 0 | N12: =SUM(L12:M12) -> 0 | P12: 0 | Q12: 0 | R12: =SUM(P12:Q12) -> 0 | T12: =R12+N12+J12 -> 0
D13: Other (insert description) | E13: 0 | F13: 0 | G13: 0 | H13: 0 | I13: 0 | J13: =SUM(E13:I13) -> 0 | L13: 0 | M13: 0 | N13: =SUM(L13:M13) -> 0 | P13: 0 | Q13: 0 | R13: =SUM(P13:Q13) -> 0 | T13: =R13+N13+J13 -> 0
D14: Other (insert description) | E14: 0 | F14: 0 | G14: 0 | H14: 0 | I14: 0 | J14: =SUM(E14:I14) -> 0 | L14: 0 | M14: 0 | N14: =SUM(L14:M14) -> 0 | P14: 0 | Q14: 0 | R14: =SUM(P14:Q14) -> 0 | T14: =R14+N14+J14 -> 0
D15: Other (insert description) | E15: 0 | F15: 0 | G15: 0 | H15: 0 | I15: 0 | J15: =SUM(E15:I15) -> 0 | L15: 0 | M15: 0 | N15: =SUM(L15:M15) -> 0 | P15: 0 | Q15: 0 | R15: =SUM(P15:Q15) -> 0 | T15: =R15+N15+J15 -> 0
D16: Total | E16: =SUM(E7:E15) -> 0 | F16: =SUM(F7:F15) -> 0 | G16: =SUM(G7:G15) -> 0 | H16: =SUM(H7:H15) -> 0 | I16: =SUM(I7:I15) -> 0 | J16: =SUM(J7:J15) -> 0 | L16: =SUM(L7:L15) -> 0 | M16: =SUM(M7:M15) -> 0 | N16: =SUM(N7:N15) -> 0 | P16: =SUM(P7:P15) -> 0 | Q16: =SUM(Q7:Q15) -> 0 | R16: =SUM(R7:R15) -> 0 | T16: =SUM(T7:T15) -> 0

Sheet 5 - Milestone Charges
C1: ='Title Page'!C3 -> VA-170822-SAIC Exhibit 4.1 Pricing and Volumes Matrix Modification 28 Pricing and Volumes Matrix
B2: Milestone Charges
B3: Milestones and Payment Schedule
B4: ($)
G6: Scenario 1: One-Time Charges - Paid upon Completion | I6: Scenario 2: One-Time Charges - Amortized over 5 Years
C7: Critical Milestone | D7: Reference Document | E7: 2.4.1 Reference Number | G7: Payment Amount | I7: Monthly Payment Amount | K7: Year 1 | L7: Year 2 | M7: Year 3 | N7: Year 4 | O7: Year 5 | P7: 5 Year Total
C9: MSI
C10: Implementation Kickoff | D10: Exhibit 02.4.1 Exh | E10: 1.02, 1.02a | G10: 309238 | P10: 401855
C11: Implementation Planning Complete | D11: Exhibit 02.4.1 Exh | E11: 1.03, 1.04, 1.04a, 1.05, 1.06, 1.07, 1.10 | G11: 469123 | P11: 609625
C12: SMS Standup | D12: Exhibit 02.4.1 Exh | E12: 1.09 | G12: 2260671 | P12: 2937745
C13: Facilities #1 - Richmond Offices | D13: Exhibit 02.4.1 Exh | E13: 1.08 | G13: 1169775 | P13: 1520125
C14: Implementation Foundation Baseline Timeframe Complete | D14: Exhibit 02.4.1 Exh | E14: 1.13, 1.14 | G14: 125250 | P14: 162765
C15: ITFM - Gap Analysis Complete | D15: Exhibit 02.4.1 Exh | E15: 3 | G15: 268000 | P15: 348265
C16: ITFM - Process Development | D16: Exhibit 02.4.1 Exh | E16: 3.01 | G16: 268000 | P16: 348265
C17: ITFM - Deployment Plan | D17: Exhibit 02.4.1 Exh | E17: 3.02 | G17: 268000 | P17: 348265
C18: ITFM - Delivery Components | D18: Exhibit 02.4.1 Exh | E18: 3.03 | G18: 268000 | P18: 348265
C19: ITFM Implementation | D19: Exhibit 02.4.1 Exh | E19: 3.04 | G19: 1072637 | P19: 1393895
C20: Program Management Office Stood up | D20: Exhibit 02.4.1 Exh | E20: 4 | G20: 948059 | P20: 1232005
C21: Current State Assessments - ITIL | D21: Exhibit 02.4.1 Exh | E21: 5 | G21: 139925 | P21: 181835
C22: Current State Assessments - CyberSecurity Edge | D22: Exhibit 02.4.1 Exh | E22: 5.01 | G22: 121000 | P22: 157240
C23: Current State Assessments - CSI | D23: Exhibit 02.4.1 Exh | E23: 5.02 | G23: 110647 | P23: 143785
C24: Future State Assessments - IT Service Portal Design and Development Workshop | D24: Exhibit 02.4.1 Exh | E24: 6 | G24: 364125 | P24: 473180
C25: Future State Assessments - Innovation Forum | D25: Exhibit 02.4.1 Exh | E25: 6.01 | G25: 989125 | P25: 1285370
C26: Service Portal | D26: Exhibit 02.4.1 Exh | E26: 7.01 | G26: 165675 | P26: 215295
... C35: Due Diligence Credit | D35: Exhibit 02.4.1 Exh | E35: 10.06 | G35: -276432 | P35: -276432
C36: Total | G36: =SUM(G10:G35) -> 12721068 | I36: =P36/60 -> 276897.3 | K36: 3322767.6 | L36: 3322767.6 | M36: 3322767.6 | N36: 3322767.6 | O36: 3322767.6 | P36: 16613838

Sheet 6 - Modular Charges
A1: ='Title Page'!C3 -> VA-170822-SAIC Exhibit 4.1 Pricing and Volumes Matrix Modification 28 Pricing and Volumes Matrix
B2: Monthly Module Run Rates ($)
B4: # | C4: Module Description | D4: Metric | E4: Minimum Order Quantity | F4: Monthly Run Rate
B6: 1 | C6: Implementation Foundation | D6: Month | E6: 1 | F6: 436350
B7: 2 | C7: DART | D7: Month | E7: 3 | F7: 155150
B8: 3 | C8: IT Financial Management | D8: Month | E8: 1 | F8: 267200
B9: 4 | C9: Program Management Office (PMO) | D9: Month | E9: 1 | F9: 81700
B10: 5 | C10: Current State Assessments | D10: N/A | E10: N/A | F10: N/A
B11: 6 | C11: Future State Assessments | D11: N/A | E11: N/A | F11: N/A
B12: 7 | C12: Service Portal & Service Catalog | D12: Month | E12: 1 | F12: 27150
B13: 8 | C13: IT Architecture & Road Mapping | D13: Month | E13: 1 | F13: 96750
B14: 9 | C14: Risk Management | D14: Month | E14: 1 | F14: 209275
B15: 10 | C15: Configuration Management Database (CMDB) | D15: Month | E15: 1 | F15: 64650
B16: 11 | C16: Business Relationship Management | D16: Month | E16: 1 | F16: 85000
B17: 12 | C17: Program Management FTPs | D17: FTP | E17: 0 | F17: 19583.33
B18: 13 | C18: Business Relationship Management FTPs | D18: FTP | E18: 0 | F18: 14583.33
C23: 1. The FTP units can be adjusted monthly with 30 days' notice to meet expected workload.
C24: 2. If DART begins before Transition Day 1 (per Exhibit 2.4.1), then additional Charges for 1 half-time Account Executive (billed as Program Manager Senior per Rate Card), 1 half-time Account Manager (billed as Program Manager Senior), and 1 full time ITFM Lead (billed as Advisory Consultant per Rate Card) apply until Transition Day 1.

Sheet 7 - Termination
A1: ='Title Page'!C3 -> VA-170822-SAIC Exhibit 4.1 Pricing and Volumes Matrix Modification 28 Pricing and Volumes Matrix
B2: Termination Caps (Annual Amounts in $)
K5: Renewal Option 1 | N5: Renewal Option 2
E6: Year 1 | F6: Year 2 | G6: Year 3 | H6: Year 4 | I6: Year 5 | K6: Year 6 | L6: Year 7 | N6: Year 8 | O6: Year 9
B8: TERMINATION FOR CONVENIENCE
C9: MSI
D10: Unrecovered Milestone Charges | E10: 12721068 | F10: 10613184 | G10: 8306737.5 | H10: 5783023.7 | I10: 3021576 | K10: 0 | L10: 0 | N10: 0 | O10: 0
D11: Employee Severance | E11: 0 | F11: 0 | G11: 0 | H11: 0 | I11: 0 | K11: 0 | L11: 0 | N11: 0 | O11: 0
D12: Supplier Equipment | E12: 0 | F12: 0 | G12: 0 | H12: 0 | I12: 0 | K12: 0 | L12: 0 | N12: 0 | O12: 0
D13: Third Party Contracts (Software Licenses) | E13: 0 | F13: 0 | G13: 0 | H13: 0 | I13: 0 | K13: 0 | L13: 0 | N13: 0 | O13: 0
D14: Third Party Contracts (Facility Buildout) | E14: 2762000 | F14: 1381000 | G14: 0 | H14: 0 | I14: 0 | K14: 0 | L14: 0 | N14: 0 | O14: 0
D15: Early Lease Terminations | E15: 3825000 | F15: 1912500 | G15: 0 | H15: 0 | I15: 0 | K15: 0 | L15: 0 | N15: 0 | O15: 0
C17: Total Termination for Convenience | E17: =SUM(E10:E15) -> 19308068 | F17: =SUM(F10:F15) -> 13906684 | G17: =SUM(G10:G15) -> 8306737.5 | H17: =SUM(H10:H15) -> 5783023.7 | I17: =SUM(I10:I15) -> 3021576 | K17: =SUM(K10:K15) -> 0 | L17: =SUM(L10:L15) -> 0 | N17: =SUM(N10:N15) -> 0 | O17: =SUM(O10:O15) -> 0
D19: Unrecovered Milestone Charges assumes Implementation Milestones are amortized over 5-years

Sheet 8 - Inflation Sensitivity
A1: ='Title Page'!C3 -> VA-170822-SAIC Exhibit 4.1 Pricing and Volumes Matrix Modification 28 Pricing and Volumes Matrix
B2: Inflation Sensitivity (%)
K4: Renewal Option 1 | N4: Renewal Option 2
B5: Resource Description | E5: Contract Year 1 | F5: Contract Year 2 | G5: Contract Year 3 | H5: Contract Year 4 | I5: Contract Year 5 | K5: Contract Year 6 | L5: Contract Year 7 | N5: Contract Year 8 | O5: Contract Year 9
B6: MSI Services
D7: Service Desk User | E7: 0.83 | F7: 0.83 | G7: 0.83 | H7: 0.83 | I7: 0.83 | K7: 0.83 | L7: 0.83 | N7: 0.83 | O7: 0.83
D8: Full Service Authorized Users | E8: 0.83 | F8: 0.83 | G8: 0.83 | H8: 0.83 | I8: 0.83 | K8: 0.83 | L8: 0.83 | N8: 0.83 | O8: 0.83
D9: Chargeback Invoices | E9: 0.83 | F9: 0.83 | G9: 0.83 | H9: 0.83 | I9: 0.83 | K9: 0.83 | L9: 0.83 | N9: 0.83 | O9: 0.83
D10: Suppliers Managed | E10: 0.83 | F10: 0.83 | G10: 0.83 | H10: 0.83 | I10: 0.83 | K10: 0.83 | L10: 0.83 | N10: 0.83 | O10: 0.83
D11: Program Management FTPs | E11: 0.83 | F11: 0.83 | G11: 0.83 | H11: 0.83 | I11: 0.83 | K11: 0.83 | L11: 0.83 | N11: 0.83 | O11: 0.83
D12: Business Relationship Management FTPs | E12: 0.83 | F12: 0.83 | G12: 0.83 | H12: 0.83 | I12: 0.83 | K12: 0.83 | L12: 0.83 | N12: 0.83 | O12: 0.83
D13: eVA KSE Ongoing Maintenance | H13: 0.83 | I13: 0.83 | K13: 0.83 | L13: 0.83 | N13: 0.83 | O13: 0.83
D14: Annual fee for ServiceNow Integration Hub | H14: 0.83 | I14: 0.83 | K14: 0.83 | L14: 0.83 | N14: 0.83 | O14: 0.83
D15: CyberArk Setup Costs | H15: 0.83 | I15: 0.83 | K15: 0.83 | L15: 0.83 | N15: 0.83 | O15: 0.83
D16: PRIV-STANDARD-USER-SAAS | H16: 0.83 | I16: 0.83 | K16: 0.83 | L16: 0.83 | N16: 0.83 | O16: 0.83
D17: Cloud Brokerage Resource Rates | I17: 0.83 | K17: 0.83 | L17: 0.83 | N17: 0.83 | O17: 0.83
I18: 0.83

Sheet 9 - Deadband Percentages
A1: ='Title Page'!C3 -> VA-170822-SAIC Exhibit 4.1 Pricing and Volumes Matrix Modification 28 Pricing and Volumes Matrix
B2: Deadband Percentages (%)
B5: Resource Description | E5: Deadband Percentage
B6: MSI Services
D7: Service Desk User | E7: 0.1
D8: Full Service Authorized Users | E8: 0.03
D9: Chargeback Invoices | E9: 0.1
D10: Suppliers Managed | E10: 0.1
D11: Program Management FTPs | E11: 0
D12: Business Relationship Management FTPs | E12: 0
D13: PRIV-STANDARD-USER-SAAS | E13: 0
D16: Prior to Commencement Date the actual Resource Units must be within the Deadband Percentage of the Resource Baseline Units.

Sheet 10 - Rate Card
A1: ='Title Page'!C3 -> VA-170822-SAIC Exhibit 4.1 Pricing and Volumes Matrix Modification 28 Pricing and Volumes Matrix
B2: Rate Card
B3: ($)
L4: Renewal Option 1 | O4: Renewal Option 2
A5: VA-170822-SAIC Mod 9 Pricing and Volumes Matrix | B5: Resource Type | C5: Units | D5: Annual Productive Hours | F5: Contract Year 1 (Note 1) | G5: Contract Year 2 | H5: Contract Year 3 | I5: Contract Year 4 | J5: Contract Year 5 | L5: Contract Year 6 | M5: Contract Year 7 | O5: Contract Year 8 | P5: Contract Year 9
A6: VA-170822-SAIC Mod 9 Pricing and Volumes Matrix | B6: Business Process Analyst Associate | C6: Hours | D6: 1920 | F6: 85 | G6: 88 | H6: 91 | I6: 94 | J6: 97 | L6: 100 | M6: 103 | O6: 106 | P6: 109
A7: VA-170822-SAIC Mod 9 Pricing and Volumes Matrix | B7: Business Process Analyst | C7: Hours | D7: 1920 | F7: 135 | G7: 139 | H7: 143 | I7: 147 | J7: 151 | L7: 155 | M7: 159 | O7: 163 | P7: 168
A8: VA-170822-SAIC Mod 9 Pricing and Volumes Matrix | B8: Business Process Analyst Senior | C8: Hours | D8: 1920 | F8: 165 | G8: 170 | H8: 175 | I8: 180 | J8: 185 | L8: 190 | M8: 195 | O8: 200 | P8: 205
A9: VA-170822-SAIC Mod 9 Pricing and Volumes Matrix | B9: Technical Writer | C9: Hours | D9: 1920 | F9: 80 | G9: 82 | H9: 85 | I9: 88 | J9: 91 | L9: 94 | M9: 97 | O9: 100 | P9: 103
A10: VA-170822-SAIC Mod 9 Pricing and Volumes Matrix | B10: Technical Writer Senior | C10: Hours | D10: 1920 | F10: 105 | G10: 108 | H10: 111 | I10: 114 | J10: 117 | L10: 120 | M10: 123 | O10: 127 | P10: 131
A11: VA-170822-SAIC Mod 9 Pricing and Volumes Matrix | B11: Cyber Engineer | C11: Hours | D11: 1920 | F11: 155 | G11: 159 | H11: 163 | I11: 168 | J11: 173 | L11: 178 | M11: 183 | O11: 188 | P11: 193
A12: VA-170822-SAIC Mod 9 Pricing and Volumes Matrix | B12: Cyber Engineer Senior | C12: Hours | D12: 1920 | F12: 175 | G12: 180 | H12: 185 | I12: 190 | J12: 195 | L12: 200 | M12: 205 | O12: 211 | P12: 217
A13: VA-170822-SAIC Mod 9 Pricing and Volumes Matrix | B13: Database Administrator | C13: Hours | D13: 1920 | F13: 105 | G13: 108 | H13: 111 | I13: 114 | J13: 117 | L13: 120 | M13: 123 | O13: 127 | P13: 131
A14: VA-170822-SAIC Mod 9 Pricing and Volumes Matrix | B14: Database Administrator Senior | C14: Hours | D14: 1920 | F14: 130 | G14: 134 | H14: 138 | I14: 142 | J14: 146 | L14: 150 | M14: 154 | O14: 158 | P14: 162
A15: VA-170822-SAIC Mod 9 Pricing and Volumes Matrix | B15: Database Engineer | C15: Hours | D15: 1920 | F15: 135 | G15: 139 | H15: 143 | I15: 147 | J15: 151 | L15: 155 | M15: 159 | O15: 163 | P15: 168
A16: VA-170822-SAIC Mod 9 Pricing and Volumes Matrix | B16: Database Engineer Senior | C16: Hours | D16: 1920 | F16: 155 | G16: 159 | H16: 163 | I16: 168 | J16: 173 | L16: 178 | M16: 183 | O16: 188 | P16: 193
A17: VA-170822-SAIC Mod 9 Pricing and Volumes Matrix | B17: Enterprise Architect | C17: Hours | D17: 1920 | F17: 155 | G17: 159 | H17: 163 | I17: 168 | J17: 173 | L17: 178 | M17: 183 | O17: 188 | P17: 193
... A31: VA-170822-SAIC Mod 9 Pricing and Volumes Matrix | B31: Sr Advisory Consultant | C31: Hours | D31: 1920 | F31: 375 | G31: 385 | H31: 395 | I31: 405 | J31: 416 | L31: 427 | M31: 438 | O31: 438 | P31: 449
A32: VA-170822-SAIC Mod 9 Pricing and Volumes Matrix | B32: Technical Support I | C32: Hours | D32: 1920 | L32: 32 | M32: 33 | O32: 34 | P32: 35
A33: VA-170822-SAIC Mod 28 | B33: Technical Support II | C33: Hours | D33: 1920 | L33: 38 | M33: 40 | O33: 42 | P33: 44
A34: VA-170822-SAIC Mod 28 | B34: Technical Support III | C34: Hours | D34: 1920 | L34: 43 | M34: 45 | O34: 47 | P34: 49
A35: VA-170822-SAIC Mod 28 | B35: Technical Support IV | C35: Hours | D35: 1920 | L35: 48 | M35: 50 | O35: 52 | P35: 54
A36: VA-170822-SAIC Mod 28 | B36: Technical Svcs Supervisor | C36: Hours | D36: 1920 | L36: 60 | M36: 62 | O36: 64 | P36: 67
A37: VA-170822-SAIC Mod 28 | B37: Technical Svcs Team Mgr | C37: Hours | D37: 1920 | L37: 75 | M37: 78 | O37: 81 | P37: 84
B38: Cloud Business Process Engineer | C38: Hours | D38: 1920 | J38: 141.45 | L38: 144.28 | M38: 148.18 | O38: 151.88 | P38: 155.68
B39: Cloud Technology Consultant | C39: Hours | D39: 1920 | J39: 233.33 | L39: 238 | M39: 244.43 | O39: 250.54 | P39: 256.8
B40: Cloud Emerging Technology Specialist | C40: Hours | D40: 1920 | J40: 178.39 | L40: 181.95 | M40: 186.86 | O40: 191.53 | P40: 196.32
B41: Cloud Engineer/Architect II | C41: Hours | D41: 1920 | J41: 203.19 | L41: 207.25 | M41: 212.85 | O41: 218.17 | P41: 223.62
B42: Cloud Engineer/Architect I | C42: Hours | D42: 1920 | J42: 133.63 | L42: 136.3 | M42: 139.98 | O42: 143.48 | P42: 147.07
B43: Cloud Engineering/Network Technician | C43: Hours | D43: 1920 | J43: 87.84 | L43: 89.6 | M43: 92.02 | O43: 94.32 | P43: 96.68
B44: Cloud Security Analyst | C44: Hours | D44: 1920 | J44: 174.56 | L44: 178.05 | M44: 182.86 | O44: 187.43 | P44: 192.12
B45: Cloud Software/Web Developer | C45: Hours | D45: 1920 | J45: 169.05 | L45: 172.44 | M45: 177.1 | O45: 181.53 | P45: 186.07
B46: Cloud Systems Design Engineer | C46: Hours | D46: 1920 | J46: 180.76 | L46: 184.37 | M46: 189.35 | O46: 194.08 | P46: 198.93
B47: Cloud Systems Administrator II | C47: Hours | D47: 1920 | J47: 133.63 | L47: 136.3 | M47: 139.98 | O47: 143.48 | P47: 147.07
B48: Cloud Systems Administrator I | C48: Hours | D48: 1920 | J48: 105.56 | L48: 107.67 | M48: 110.58 | O48: 113.34 | P48: 116.17
B49: Cloud Systems Architect II | C49: Hours | D49: 1920 | J49: 178.39 | L49: 181.95 | M49: 186.86 | O49: 191.53 | P49: 196.32
... B58: Cloud Financial Specialist | C58: Hours | D58: 1920 | J58: 198.84 | L58: 202.82 | M58: 208.3 | O58: 213.51 | P58: 218.85
B60: Notes:
B61: Note 1: Contract Year 1 Rate Card also applies to the Implementation Period
B63: Resource Type | C63: Minimum Yrs Exp in Role | D63: Total Experience | F63: Role Description | J63: Qualification
B65: Business Process Analyst Associate | C65: 2 years | D65: Bachelors and two (2) years or more of related experience; Masters and 0 years experience. | E65: i. | F65: Provides expertise on continuous process improvement strategies, organizational redesign, change management projects, and performance measures for basic business process engagements | J65: Frequent use and application of technical standards, principles, theories, concepts and techniques
E66: ii. | F66: Defines and develops business processes, policies, roles and responsibilities, and performance metrics; Conducts analysis of business processes: current state analysis, gap analysis, benchmarking, best practices identification, organizational assessment, and other related tasks. | J66: Receives assignments in the form of objectives and establishes goals to meet outlined objectives
E67: iii. | F67: Interfaces with all areas of project including customer, computer services, and client services. Client may be internal or external to company. Provides oversight for the development and maintenance of quality programs, systems, processes and procedures that ensure compliance with policies and that the performance and quality of services conform to established standards and agency guidelines. | J67: Work is reviewed by supervisor/lead to measure meeting objectives
E68: iv. | F68: May coordinate with business and technology teams, ascertaining system requirements, such as program functions, output requirements, input data acquisition, and system techniques and controls. | J68: Directs established guidelines, procedures and policies
B69: Business Process Analyst | C69: 5 years | D69: Bachelors and five (5) years or more of related experience; Masters and three (3) years or more related experience; PhD and 0 years experience. | E69: i. | F69: Provides expertise on continuous process improvement strategies, organizational redesign, change management projects, and performance measures for basic business process engagements | J69: Complete understanding and wide application of technical principles, theories, and concepts in the field
E70: ii. | F70: Defines and develops business processes, policies, roles and responsibilities, and performance metrics; Conducts analysis of business processes: current state analysis, gap analysis, benchmarking, best practices identification, organizational assessment, and other related tasks. Plans and implements process improvements, including: future state design, change management, and transition planning. | J70: General knowledge of other related disciplines. Receives assignments in the form of objectives and establishes goals to meet outlined objectives.
E71: iii. | F71: Interfaces with all areas of project including customer, computer services, and client services. Client may be internal or external to company. Provides oversight for the development and maintenance of quality programs, systems, processes and procedures that ensure compliance with policies and that the performance and quality of services conform to established standards and agency guidelines. Provides expertise and guidance in interpreting policies, regulatory and/or governmental regulations, and agency guidelines to assure compliance. | J71: Provides direction to employees according to established policies and management guidance
E72: iv. | F72: May coordinate with business and technology teams, ascertaining system requirements, such as program functions, output requirements, input data acquisition, and system techniques and controls. Conduct client interviews. May deliver presentations and training courses including measurement, analysis, improvement, and control. | J72: Work is reviewed by management to measure whether objectives have been met
B73: Business Process Analyst Senior | C73: 9 years | D73: Bachelors and nine (9) years or more of related experience; Masters and seven (7) years or more of related experience ; PhD or JD and four (4) years or more of related experience. | E73: i. | F73: Provides expertise on continuous process improvement strategies, organizational redesign, change management projects, and performance measures for basic business process engagements | J73: Contributes to the development of new concepts, techniques, and standards
E74: ii. | F74: Defines and develops business processes, policies, roles and responsibilities, and performance metrics; Conducts analysis of business processes: current state analysis, gap analysis, benchmarking, best practices identification, organizational assessment, and other related tasks. Plans and implements process improvements, including: future state design, change management, and transition planning. Interfaces with all areas of project including customer, computer services, and client services. | J74: Considered expert in field within the organization. Receives assignments in the form of objectives and establishes goals to meet objectives.
E75: iii. | F75: Interfaces with all areas of project including customer, computer services, and client services. Client may be internal or external to company. Provides oversight for the development and maintenance of quality programs, systems, processes and procedures that ensure compliance with policies and that the performance and quality of services conform to established standards and agency guidelines. Provides expertise and guidance in interpreting policies, regulatory and/or governmental regulations, and agency guidelines to assure compliance. Works directly with operating entities to provide process analyses oversight on a continuing basis to enforce requirements and meet guidelines. | J75: Provides guidance to more junior team members to achieve goals in accordance with established policies. Work is reviewed and measured based on meeting objectives and schedules.
E76: iv. | F76: May coordinate with business and technology teams, ascertaining system requirements, such as program functions, output requirements, input data acquisition, and system techniques and controls. Conduct client interviews. May deliver presentations and training courses including measurement, analysis, improvement, and control. May perform cost and benefit analysis. | J76: Establishes and recommends changes to policies which affect organization
B77: Technical Writer | C77: 3 years | D77: Bachelors and three (3) years or more of related experience; Masters and one year of related experience. | E77: i. | F77: Edits, proofreads and provides writing support, the conceptualization, layout and preparation of high quality graphics, text, and templates, and the design, preparation, and creation of new media projects on non-technical and/or technical documents or sections of documents prepared by writers such as manuals, procedures and specifications | J77: Complete understanding and wide application of principles, concepts, practices, and standards.
E78: ii. | F78: Responsibilities include checking drafts for format, clarity and overall cohesiveness. Ensuring documents meet editorial and government specifications and adhering to standards for quality, graphics, coverage, format and style | J78: Full knowledge of industry practices
E79: iii. | F79: Responsibilities include: producing and/or revising technical articles, proposals, publications, books, manuals, reports, and marketing materials and determining project requirements and presenting drafts of finished product to the user ensuring high quality of output | J79: Performs assignments in the form of objectives and establishes goals to meet outlined objectives
E80: iv. | F80: Reviews rough drafts and makes suggestions. In addition, individuals in this family design and develop multimedia applications, systems and products involving computer graphics and interactive computing using a variety of new media software applications, techniques and tools. | J80: Work is reviewed by management to measure meeting objectives
B81: Technical Writer Senior | C81: 6 years | D81: Bachelors and six (6) years or more of related experience; Masters and four (4) years or more experience. | E81: i. | F81: Interfaces with technical writers, illustrators, word processors and other production groups in coordinating/preparing for editing, proofreading and providing writing support, the conceptualization, layout and preparation of high quality graphics, text, and templates, and the design, preparation, and creation of new media projects on non-technical and/or technical documents or sections of documents prepared by writers such as manuals, procedures and specifications | J81: Complete understanding and wide application of principles, concepts, practices, and standards.
E82: ii. | F82: Responsibilities include checking drafts for format, clarity and overall cohesiveness. Ensuring documents meet editorial and government specifications and adhering to standards for quality, graphics, coverage, format and style | J82: Full knowledge of the job
E83: iii. | F83: Responsibilities include: producing and/or revising technical articles, proposals, publications, books, manuals, reports, and marketing materials and determining project requirements and presenting drafts of finished product to the user ensuring high quality of output | J83: Complete acquaintance with and understanding of the general and detailed aspects of the job and their practical applications to problems and situations ordinarily encountered
E84: iv. | F84: Reviews rough drafts and makes suggestions. In addition, individuals in this family design and develop multimedia applications, systems and products involving computer graphics and interactive computing using a variety of new media software applications, techniques and tools.
B85: Cyber Engineer | C85: 2 years | D85: Bachelors and two (2) years or more of related experience; Masters and 0 years experience. | E85: i. | F85: Designs, tests, and implements secure operating systems, networks, security monitoring, tuning and management of IT security systems and applications, incident response, digital forensics, loss prevention, and eDiscovery actions | J85: Receives assignments in the form of objectives and establishes goals to meet outlined objectives
E86: ii. | F86: Includes security control design and solution planning at the system, mission, and enterprise level, security-in-depth/defense-in-depth, and other related IAM/ISSO/ISSE support functions | J86: Work is reviewed by supervisor/lead to measure meeting objectives
E87: iii. | F87: Involved in a wide range of security issues including architectures, firewalls, electronic data traffic, and network access | J87: Directs established guidelines, procedures and policies
E88: iv. | F88: Frequent use and application of technical standards, principles, theories, concepts and techniques
B89: Cyber Engineer Senior | C89: 5 years | D89: Bachelors and five (5) years or more of related experience; Masters and three (3) years or more related experience; PhD and 0 years experience. | E89: i. | F89: Designs, tests, and implements secure operating systems, networks, security monitoring, tuning and management of IT security systems and applications, incident response, digital forensics, loss prevention, and eDiscovery actions | J89: Complete understanding and wide application of technical principles, theories, and concepts in the field
E90: ii. | F90: Includes security control design and solution planning at the system, mission, and enterprise level, security-in-depth/defense-in-depth, and other related IAM/ISSO/ISSE support functions | J90: Receives assignments in the form of objectives and establishes goals to meet outlined objectives
E91: iii. | F91: \Involved in a wide range of security issues including architectures, firewalls, electronic data traffic, and network access | J91: Provides direction to employees according to established policies and management guidance
E92: iv. | F92: Researches and evaluates cyber capabilities and new security tools and products against operational requirements and introduces them to the enterprise in alignment with IT security strategy, and to support the offensive and defensive capability design and troubleshoot and problem solve technical and non-technical issues | J92: Work is reviewed by management to measure whether objectives have been met
B93: Database Administrator | C93: 2 years | D93: Bachelors and two (2) years or more of related experience; Masters and 0 years experience. | E93: i. | F93: Coordinates, directs and performs complex database software installations and upgrades to operating systems and related database software packages | J93: Receives assignments in the form of objectives and establishes goals to meet outlined objectives
E94: ii. | F94: Schedules installations and upgrades and maintains them in accordance with established IT policies and procedures | J94: Work is reviewed by supervisor/lead to measure meeting objectives
E95: iii. | F95: Continually monitors and tunes multiple database systems and databases to achieve optimum performance levels | J95: Directs established guidelines, procedures and policies
E96: iv. | F96: Ensures database data integrity by evaluating, implementing, and managing appropriate solutions of varying complexities | J96: Frequent use and application of technical standards, principles, theories, concepts and techniques
B97: Database Administrator Senior | C97: 5 years | D97: Bachelors and five (5) years or more of related experience; Masters and three (3) years or more related experience; PhD and 0 years experience. | E97: i. | F97: Reviews database design and integration of systems and provides backup recovery | J97: Extensive knowledge of the job
E98: ii. | F98: Maintains database support tools, database tables and dictionaries, recovery and back-up procedures | J98: Receives assignments in the form of objectives and establishes goals to meet outlined objectives
E99: iii. | F99: Oversees user access, documents, and record attributes | J99: Provides direction to employees according to established policies and management guidance
E100: iv. | F100: Ensures accuracy and completeness of data in master file and various support tools | J100: Work is reviewed by management to measure whether objectives have been met
B101: Database Engineer | C101: 2 years | D101: Bachelors and two (2) years or more of related experience; Masters and 0 years experience. | E101: i. | F101: Establishes database management systems, standards, requirements, guidelines and quality assurance for database deliverables, such as conceptual design and architecture, logical database, capacity planning, external data interface specification, data loading plan, data maintenance plan and security policy | J101: Receives assignments in the form of objectives and establishes goals to meet outlined objectives
E102: ii. | F102: Specific responsibilities of the Database Engineer include working with clients to translate business requirements into a logical model that will accurately support and represent the client’s entity relationship and flow of data including: developing the appropriate database framework to convert the logical model into a physical model including the creation and maintenance of schemas containing windows, screens, tables and columns and reports that support the model; and making recommendations to maximize operating efficiency, support storage requirements and vendor software updates, enforce data governance, ensure recovery is maintained | J102: Work is reviewed by supervisor/lead to measure meeting objectives
E103: iii. | F103: Also, participates in quality assurance and develops test application code in client server environment. | J103: Directs established guidelines, procedures and policies
E104: iv. | F104: Frequent use and application of technical standards, principles, theories, concepts and techniques | J104: General knowledge of other related disciplines
B105: Database Engineer Senior | C105: 5 years | D105: Bachelors and five (5) years or more of related experience; Masters and three (3) years or more related experience; PhD and 0 years experience. | E105: i. | F105: Establishes database management systems, standards, requirements, guidelines and quality assurance for database deliverables, such as conceptual design and architecture, logical database, capacity planning, external data interface specification, data loading plan, data maintenance plan and security policy | J105: Complete understanding and wide application of technical principles, theories, and concepts in the field.
E106: ii. | F106: Specific responsibilities of the Database Engineer include working with clients to translate business requirements into a logical model that will accurately support and represent the client’s entity relationship and flow of data including: developing the appropriate database framework to convert the logical model into a physical model including the creation and maintenance of schemas containing windows, screens, tables and columns and reports that support the model; and making recommendations to maximize operating efficiency, support storage requirements and vendor software updates, enforce data governance, ensure recovery is maintained | J106: Receives assignments in the form of objectives and establishes goals to meet outlined objectives
E107: iii. | F107: Also, participates in quality assurance and develops test application code in client server environment. | J107: Provides direction to employees according to established policies and management guidance
E108: iv. | F108: Frequent use and application of technical standards, principles, theories, concepts and techniques | J108: Work is reviewed by management to measure whether objectives have been met
B109: Enterprise Architect | C109: 2 years | D109: Bachelors and two (2) years or more of related experience; Masters and 0 years experience. | E109: i. | F109: Provides enterprise architecture expertise to translate an enterprise’s strategy into a future enterprise architecture and a transition plan (i.e. roadmap) to achieve that future state. | J109: Frequent use and application of technical standards, principles, theories, concepts and techniques
E110: ii. | F110: Uses multi-disciplinary techniques, for example: business process decomposition and redesign, information engineering, organizational redesign, change management, IT strategy and architecture, and performance measurement, to assist in enterprise business transformation and EA implementation | J110: Receives assignments in the form of objectives and establishes goals to meet outlined objectives
E111: iii. | F111: Interacts at a variety of points within the enterprise’s governance process to assist in implementation of the transition plan, to include organizational strategy development, capital planning and investment control, portfolio and project management, systems development, and operations | J111: Work is reviewed by supervisor/lead to measure meeting objectives
E112: iv. | F112: Designs, develops, and maintains current and future views and data describing the enterprise architecture. Provides analyses of potential changes to the EA. | J112: Directs established guidelines, procedures and policies
B113: Enterprise Architect Senior | C113: 5 years | D113: Bachelors and five (5) years or more of related experience; Masters and three (3) years or more related experience; PhD and 0 years experience. | E113: i. | F113: Provides enterprise architecture expertise to translate an enterprise’s strategy into a future enterprise architecture and a transition plan (i.e. roadmap) to achieve that future state. | J113: Complete understanding and wide application of technical principles, theories, and concepts in the field
E114: ii. | F114: Uses multi-disciplinary techniques, for example: business process decomposition and redesign, information engineering, organizational redesign, change management, IT strategy and architecture, and performance measurement, to assist in enterprise business transformation and EA implementation | J114: General knowledge of other related disciplines
E115: iii. | F115: Interacts at a variety of points within the enterprise’s governance process to assist in implementation of the transition plan, to include organizational strategy development, capital planning and investment control, portfolio and project management, systems development, and operations | J115: Receives assignments in the form of objectives and establishes goals to meet outlined objectives
E116: iv. | F116: Designs, develops, and maintains current and future views and data describing the enterprise architecture. Researches and advises on the selection of technologies to include within the enterprise architecture. Provides oversight for the development and maintenance of quality programs, systems, processes and procedures to ensure EA policy compliance or to improve the EA | J116: Provides direction to employees according to established policies and management guidance
B117: Information Architect | C117: 2 years | D117: Bachelors and two (2) years or more of related experience; Masters and 0 years experience. | E117: i. | F117: Designs data structures for data interchange | J117: Frequent use and application of technical standards, principles, theories, concepts and techniques
E118: ii. | F118: Develops data standards and converts data to controlled vocabularies | J118: Receives assignments in the form of objectives and establishes goals to meet outlined objectives
E119: iii. | F119: Develops metadata structures including dictionaries, taxonomies and ontologies | J119: Work is reviewed by supervisor/lead to measure meeting objectives
E120: iv. | F120: Frequent use and application of technical standards, principles, theories, concepts and techniques | J120: Directs established guidelines, procedures and policies
B121: Information Architect Senior | C121: 5 years | D121: Bachelors and five (5) years or more of related experience; Masters and three (3) years or more related experience; PhD and 0 years experience. | E121: i. | F121: Designs data structures for data interchange | J121: Complete understanding and wide application of technical principles, theories, and concepts in the field
E122: ii. | F122: Develops data standards and converts data to controlled vocabularies | J122: General knowledge of other related disciplines
E123: iii. | F123: Develops metadata structures including dictionaries, taxonomies and ontologies | J123: Receives assignments in the form of objectives and establishes goals to meet outlined objectives
E124: iv. | F124: Complete understanding and wide application of technical principles, theories, and concepts in the field | J124: Provides direction to employees according to established policies and management guidance
...

Sheet 11 - Hosting Rate Card
B1: ='Title Page'!C3 -> VA-170822-SAIC Exhibit 4.1 Pricing and Volumes Matrix Modification 28 Pricing and Volumes Matrix
B2: Hosting Rate Card
B4: Detailed requirements will need to be jointly established for each resource type to ensure clarity and acceptability of the service to be provided.
B6: Resource Type | C6: Unit | D6: Rate Metric | E6: Onetime Setup Cost | F6: Unit Price
B7: Facilities for Personnel Hosting
B8: Richmond Facility Colocation 25 FTP | C8: 1 | D8: 5yr Term / Month | E8: 196000 | F8: 9895.8333
B9: Richmond Facility Conference Room with up to a 75 person capacity | C9: 1 | D9: 5yr Term / Month | E9: 337500 | F9: 10833.33
B11: ALTERNATIVE INFRASTRUCTURE HOSTING (See Exhibit 2.4)
B12: Private Cloud Hosting
B13: SMS Hosting - Private Cloud Equipment (Dev, Test, Prod) | C13: 1 | D13: One Time | E13: 605000 | F13: n/a
B14: SMS Hosting - Private Cloud Operations | C14: 1 | D14: Month | E14: 130000 | F14: 50000
B15: SMS Hosting - Private Cloud DR Equipment (Prod only) | C15: 1 | D15: One Time | E15: 395000 | F15: n/a
B16: SMS Hosting - Private Cloud DR Ongoing Operations | C16: 1 | D16: Month | E16: 45000 | F16: 11600
B17: Optional Services Available to Support Private Cloud Hosting of Infrastructure
B18: Production Cloud - Basic Server Monitoring On Demand | C18: 1 | D18: Server / Month | E18: 0 | F18: 72
B19: Production Cloud - Basic Application Monitoring On Demand | C19: 1 | D19: Application / Month | E19: 0 | F19: 108
B20: Production Cloud - Basic Storage Monitoring On Demand | C20: 1 | D20: GB / Month | E20: 0 | F20: 0.1
B21: Production Cloud - Basic Network Monitoring On Demand | C21: 1 | D21: Device / Month | E21: 0 | F21: 19.25
B22: Production Private Cloud - Standard Security Device Monitoring On Demand | C22: 1 | D22: Device / Month | E22: 0 | F22: 14.75
B23: Optional Public Cloud Hosting Services to Support Infrastructure Hosting
B24: AWS EC2 Server Instance medium - REDHAT | C24: 1 | D24: Instance / hour | E24: 0 | F24: 0.14849375
B25: AWS EC2 Server Instance medium - LINUX (CentOS, UBUNTU, Amazon Linux) | C25: 1 | D25: Instance / hour | E25: 0 | F25: 0.07834375
B26: AWS EC2 Server Instance medium - Windows | C26: 1 | D26: Instance / hour | E26: 0 | F26: 0.15199167
B27: AWS EC2 Server Instance large - REDHAT | C27: 1 | D27: Instance / hour | E27: 0 | F27: 0.22565556
B28: AWS EC2 Server Instance large - LINUX (CentOS, UBUNTU, Amazon Linux) | C28: 1 | D28: Instance / hour | E28: 0 | F28: 0.15550556
B29: AWS EC2 Server Instance large - Windows | C29: 1 | D29: Instance / hour | E29: 0 | F29: 0.30281736
B30: AWS EC2 Server Instance xlarge - REDHAT | C30: 1 | D30: Instance / hour | E30: 0 | F30: 0.38116111
B31: AWS EC2 Server Instance xlarge - LINUX (CentOS, UBUNTU, Amazon Linux) | C31: 1 | D31: Instance / hour | E31: 0 | F31: 0.31101111
B32: AWS EC2 Server Instance xlarge - Windows | C32: 1 | D32: Instance / hour | E32: 0 | F32: 0.60563472
B33: AWS EC2 Server Instance 2xlarge - REDHAT | C33: 1 | D33: Instance / hour | E33: 0 | F33: 0.77399792
B34: AWS EC2 Server Instance 2xlarge - LINUX (CentOS, UBUNTU, Amazon Linux) | C34: 1 | D34: Instance / hour | E34: 0 | F34: 0.62200625
B35: AWS EC2 Server Instance 2xlarge - Windows | C35: 1 | D35: Instance / hour | E35: 0 | F35: 1.2112694
... B50: PostgreSQL - db.m3medium - Standard - 20GB - Basic Administration DBA Services | C50: 1 | D50: Instance / Month | E50: 0 | F50: 6.66425
B52: Billing will occur based on actual usage for Cloud RU's.
B53: Cloud RU's can and will be added based on customer requirements.
B54: Authorizing Document will be recorded per CLIN, with approved Statement of Work (SOW) and financial authorization and conditions, to include limitations on usage.
B55: Cloud Resources will be made available via the service catalog.
B56: Authorizing Documents will be stored in the Document Management repository.
B59: EC2
B60: Model | C60: VCPU | D60: CPU Credits / Hour | E60: Operating System
B61: .medium | C61: 2 | D61: 24 | E61: Redhat, LINUX (CentOS, UBUNTU, Amazon Linux), Windows
B62: .large | C62: 2 | D62: 36 | E62: Redhat, LINUX (CentOS, UBUNTU, Amazon Linux), Windows
B63: .xlarge | C63: 4 | D63: 54 | E63: Redhat, LINUX (CentOS, UBUNTU, Amazon Linux), Windows
B64: .2xlarge | C64: 8 | D64: 81 | E64: Redhat, LINUX (CentOS, UBUNTU, Amazon Linux), Windows
B68: Storage
B69: Model | C69: Description
B70: General Purpose | C70: General purpose SSD volume that balances price and performance for a wide variety of transactional workloads.
B71: Provisioned IOPS | C71: Highest-performance SSD volume designed for mission-critical applications.
B72: Magnetic | C72: Magnetic volumes are backed by magnetic drives and are suited for workloads where data is accessed infrequently, and scenarios where low-cost storage for small volume sizes is important.
B74: Databases
B75: Model | C75: Mem (GiB) | D75: Type
B76: m3.medium - Standard | C76: 3.75 | D76: My SQL, Oracle, SQL, Postrgre SQL
B77: m3.medium - Standard | C77: 3.75 | D77: My SQL, Oracle, SQL, Postrgre SQL
B78: m3.medium - Standard | C78: 3.75 | D78: My SQL, Oracle, SQL, Postrgre SQL
B79: m3.medium - Standard | C79: 3.75 | D79: My SQL, Oracle, SQL, Postrgre SQL
B80: m3.medium - Standard | C80: 3.75 | D80: My SQL, Oracle, SQL, Postrgre SQL

Sheet 12- Cloud Brokerage Services
A1: ='Title Page'!C3 -> VA-170822-SAIC Exhibit 4.1 Pricing and Volumes Matrix Modification 28 Pricing and Volumes Matrix
B2: Cloud Brokerage Resource Rates
B4: Table 1. One Time & Annual Billing
I6: Base Years | L6: Option Years
B7: CLIN | C7: Resource Description | D7: Metric | E7: Minimum Order Qty. | F7: Unit Price | G7: Minimum Order Extended | H7: One Time Setup Cost | I7: Year 1 | J7: Year 2 | K7: Year 3 | L7: I | M7: II
I8: Unit Price | L8: Unit Price
B9: 10001 | C9: Install CloudScend | D9: 1 per Installation
B10: 10001.a | C10: Program Startup | D10: 1 per Installation | E10: 1 | F10: 132513 | G10: =E10*F10 -> 132513 | H10: =F10 -> 132513
B11: 10001.b | C11: Configuration Sprint 1 and 2 | D11: 1 per Installation | E11: 1 | F11: 651150.33 | G11: =E11*F11 -> 651150.33 | H11: =F11 -> 651150.33
B12: 10001.c | C12: Configuration Sprint 3 and 4 | D12: 1 per Installation | E12: 1 | F12: 651150.33 | G12: =E12*F12 -> 651150.33 | H12: =F12 -> 651150.33
B13: 10001.d | C13: Configuration Sprint 5, 6 and 7 | D13: 1 per Installation | E13: 1 | F13: 651150.33 | G13: =E13*F13 -> 651150.33 | H13: =F13 -> 651150.33
B14: 10004 & 10004-AR | C14: CloudScend Management Platform 0-499 Cloud Workload Elements | D14: Cloud Workload Element Capacity Annually | E14: 250 | F14: 278.95 | G14: =E14*F14 -> 69737.5 | H14: 0 | I14: =$F14 -> 278.95 | J14: 285.76 | K14: =$F14 -> 278.95 | L14: =$F14 -> 278.95 | M14: =$F14 -> 278.95
B15: 10005 & 10005-AR | C15: CloudScend Management Platform 500-999 Cloud Workload Elements | D15: Cloud Workload Element Capacity Annually | E15: 250 | F15: 265 | G15: =E15*F15 -> 66250 | H15: 0 | I15: =$F15 -> 265 | J15: 271.47 | K15: =$F15 -> 265 | L15: =$F15 -> 265 | M15: =$F15 -> 265
B16: 10006 & 10006-AR | C16: CloudScend Management Platform 1000-2499 Cloud Workload Elements | D16: Cloud Workload Element Capacity Annually | E16: 250 | F16: 238.5 | G16: =E16*F16 -> 59625 | H16: 0 | I16: =$F16 -> 238.5 | J16: 244.32 | K16: =$F16 -> 238.5 | L16: =$F16 -> 238.5 | M16: =$F16 -> 238.5
B17: 10007 & 10007-AR | C17: CloudScend Management Platform 2500+ Cloud Workload Elements | D17: Cloud Workload Element Capacity Annually | E17: 250 | F17: 226.58 | G17: =E17*F17 -> 56645 | H17: 0 | I17: =$F17 -> 226.58 | J17: 232.11 | K17: =$F17 -> 226.58 | L17: =$F17 -> 226.58 | M17: =$F17 -> 226.58
B18: 10009 | C18: DevSecOps 2-Week Sprint By Request | D18: 1 per Sprint | E18: 1 | F18: 63780 | G18: =E18*F18 -> 63780 | H18: 0 | I18: =$F18 -> 63780 | J18: 65337.51 | K18: =$F18 -> 63780 | L18: =$F18 -> 63780 | M18: =$F18 -> 63780
B21: Table 2. Monthly Billing Table
I23: Base Years | L23: Option Years
B24: CLIN | C24: Resource Description | D24: Metric | E24: Minimum Order Qty. | F24: Unit Price | G24: Minimum Order Extended | H24: One Time Setup Cost | I24: Year 1 | J24: Year 2 | K24: Year 3 | L24: I | M24: II
I25: Unit Price | L25: Unit Price
B26: 10002 | C26: CloudScend FoundationaLS < $1M CSP Spend | D26: Per $ of Cloud Spend | E26: 1 | F26: 0.12 | G26: =E26*F26 -> 0.12 | H26: 0 | I26: =$F26 -> 0.12 | J26: =$F26 -> 0.12 | K26: =$F26 -> 0.12 | L26: =$F26 -> 0.12 | M26: =$F26 -> 0.12
B27: 10003 | C27: CloudScend FoundationaLS >= $1M CSP Spend | D27: Per $ of Cloud Spend | E27: 1 | F27: 0.1 | G27: =E27*F27 -> 0.1 | H27: 0 | I27: =$F27 -> 0.1 | J27: =$F27 -> 0.1 | K27: =$F27 -> 0.1 | L27: =$F27 -> 0.1 | M27: =$F27 -> 0.1
B28: 10008 | C28: Cloud Brokerage Service (Year 1: 7 months)* | D28: Monthly | E28: 1 | F28: =2062941/7 -> 294705.86 | G28: =E28*F28 -> 294705.86 | H28: 0 | I28: =$G28 -> 294705.86
B29: 10010 | C29: Cloud Brokerage Service (Year 2-5: 12 months/year) | D29: Monthly | E29: 1 | F29: =2062941/12 -> 171911.75 | G29: =E29*F29 -> 171911.75 | H29: 0 | J29: 176110 | K29: =$G29 -> 171911.75 | L29: =$G29 -> 171911.75 | M29: =$G29 -> 171911.75
C31: *7 Months is an estimate based on the anticipated schedule. Duration and unit price may change based on completion of installation. Year 1 price is set, and the unit price will be calculated based upon the remaining months until end of CY1.
C32: Billing will occur based on billing triggers submitted in Cloud Brokerage Services Attachment 1.
C33: Cloud RU's can and will be added based on customer requirements.
C34: Authorizing Document will be recorded per CLIN, with approved Statement of Work (SOW) and financial authorization and conditions, to include limitations on usage.
C35: Cloud Resources will be made available via the service catalog.
C36: Authorizing Documents will be stored in the Document Management repository.
C37: 3rd Party Contracts (Y/N) Indicates (Y) if the CBI provides an all-inclusive charge or (N) if VITA is required to obtain 3rd party contracts directly to complete the offering. (i.e. 'hold the paper')
